 Dungeon Crawl Stone Soup version 0.20.0-8-g6b59dc7 (webtiles) character file.

589510 MDvedh the Warrior (level 27, -2/142 HPs)
             Began as a Vine Stalker Assassin on May 30, 2017.
             Was an Elder of Fedhas.
             Slain by a death cob (3 damage)
             ... on level 5 of the Realm of Zot.
             The game lasted 02:28:16 (48291 turns).

MDvedh the Warrior (Vine Stalker Assassin)         Turns: 48291, Time: 02:28:16

Health: -2/142     AC: 26    Str: 29    XL:     27
Magic:  0/32       EV: 28    Int: 11    God:    Fedhas [****..]
Gold:   3497       SH:  0    Dex: 26    Spells: 24/26 levels left

rFire    + + .     SeeInvis .   R - +8 rapier of the Dead {freeze, rElec rPois Dex-2}
rCold    + + +     Gourm    .   j - +2 shield of Resistance {rF+ rC+ MR+}
rNeg     + . .     Faith    .   F - +3 scale mail "Fivegile" {rC++ rN+ Str+4 Dex-3 Slay+5}
rPois    +         Spirit   +   (helmet restricted)
rElec    +         Reflect  .   X - scarf {repulsion}
rCorr    .         Harm     .   P - +2 pair of gloves
MR       +++++                  Z - +2 pair of boots {run}
Stlth    +.........             s - amulet of Yfiducsiumo {RegenMP MR+}
Regen    1.2/turn               a - +6 ring of protection
MPRegen  0.4/turn               B - ring of Biokhloa {rF+ Dex+5}

@: confused, mighty, agile, constricted, studying Spellcasting, repel missiles,
quick
A: fangs 3, horns 1, blurry vision 1, clumsy 1, frail 1, magic resistance 1,
poison resistance, regeneration 2, wild magic 1, magic shield, antimagic bite,
no potion heal 3, rot immunity
}: 3/15 runes: decaying, silver, gossamer
a: Fungal Bloom, Evolution, Sunlight, Growth, Reproduction, Renounce Religion


You were on level 5 of the Realm of Zot.
You worshipped Fedhas.
Fedhas was greatly pleased with you.
You were full.

You visited 10 branches of the dungeon, and saw 50 of its levels.
You also visited: Trove, Bailey, Ice Cave and Wizlab.

You collected 6971 gold pieces.
You spent 3474 gold pieces at shops.

Inventory:

Hand Weapons
 y - a +9 quick blade of protection
 R - the +8 rapier of the Dead (weapon) {freeze, rElec rPois Dex-2}
   (You found it on level 5 of the Lair of Beasts)

   It has been specially enchanted to freeze those struck by it, causing extra
   injury to most foes and up to half again as much damage against particularly
   susceptible opponents.
   It can also slow down cold-blooded creatures.
   It affects your dexterity (-2).
   It insulates you from electricity.
   It protects you from poison.
Armour
 j - the +2 shield of Resistance (worn) {rF+ rC+ MR+}
   (You acquired it on level 2 of the Depths)

   It protects you from fire.
   It protects you from cold.
   It affects your resistance to hostile enchantments.
 F - the +3 scale mail "Fivegile" (worn) {rC++ rN+ Str+4 Dex-3 Slay+5}
   (You found it on level 15 of the Dungeon)

   It affects your strength (+4).
   It affects your dexterity (-3).
   It affects your accuracy and damage with ranged weapons and melee attacks
   (+5).
   It greatly protects you from cold.
   It protects you from negative energy.
 I - a +1 helmet
 P - a +2 pair of gloves (worn)
 X - a scarf of repulsion (worn)
 Z - a +2 pair of boots of running (worn)
Jewellery
 a - a +6 ring of protection (left hand)
 b - an uncursed ring of flight
 d - an uncursed ring of ice
 i - a +3 ring of slaying {unknown}
 s - the amulet of Yfiducsiumo (around neck) {RegenMP MR+}
   (You found it in a treasure trove)

   [amulet of magic regeneration]

   It increases your magic regeneration.
   It affects your resistance to hostile enchantments.
 w - a +5 ring of protection
 B - the ring of Biokhloa (right hand) {rF+ Dex+5}
   (You found it on level 1 of the Swamp)

   [ring of dexterity]

   It affects your dexterity (+5).
   It protects you from fire.
 D - the ring "Zungotith" {rPois rF+ MR+ Str+4 Int+2}
   (You bought it in a shop on level 2 of the Elven Halls)

   [ring of protection from magic]

   It affects your strength (+4).
   It affects your intelligence (+2).
   It protects you from fire.
   It protects you from poison.
   It affects your resistance to hostile enchantments.
 M - an uncursed amulet of regeneration
 T - the amulet "Egapuk" {Faith rPois Dex+6}
   (You found it in a treasure trove)

   [amulet of faith]

   It allows you to gain divine favour quickly.
   It affects your dexterity (+6).
   It protects you from poison.
 Y - the ring of Fixation {*Drain +Fly rN+ Slay+4}
   (You found it on level 3 of the Elven Halls)

   [ring of positive energy]

   It affects your accuracy and damage with ranged weapons and melee attacks
   (+4).
   It protects you from negative energy.
   It lets you fly.
   It causes draining when unequipped.
Wands
 S - a wand of digging (20/24)
Scrolls
 c - 4 scrolls of teleportation
 e - 2 scrolls of identify
 g - 8 scrolls of fog
 l - 2 scrolls of summoning
 o - 12 scrolls of remove curse
 q - 14 scrolls of amnesia
 x - 6 scrolls of recharging
 G - 3 scrolls of enchant armour
 H - 7 scrolls of enchant weapon
 J - 2 scrolls of holy word
 U - 6 scrolls of fear
Potions
 f - 7 potions of lignification
 m - 3 potions of might
 n - 3 potions of agility
 p - 23 potions of curing
 t - 7 potions of ambrosia
 v - 7 potions of flight
 z - 4 potions of resistance
 A - 6 potions of cancellation
 C - 7 potions of mutation
 E - 2 potions of berserk rage
 L - 12 potions of brilliance
 N - a potion of invisibility
Books
 r - a manual of Spellcasting
Comestibles
 k - 6 royal jellies
 O - 21 bread rations


   Skills:
 * Level 20.5 Fighting
 - Level 18.7 Short Blades
 - Level 1.7 Throwing
 - Level 16.1 Armour
 - Level 16.1 Dodging
 - Level 4.8 Stealth
 - Level 17.9 Shields
 - Level 1.3 Hexes
 + Level 11.2 Invocations


You had 24 spell levels left.
You knew the following spells:

 Your Spells              Type           Power        Failure   Level  Hunger
a - Ensorcelled Hibernat  Hex/Ice        #.....       65%         2    ###....


Dungeon Overview and Level Annotations

Branches:
Dungeon (15/15)            Temple (1/1) D:4            Lair (6/6) D:11
  Swamp (4/4) Lair:4       Spider (4/4) Lair:4          Orc (2/2) D:12
    Elf (3/3) Orc:2        Vaults (5/5) D:13          Crypt (0/3) Vaults:2
 Depths (5/5) D:15            Zot (5/5) Depths:5
  Slime: Lair:5-6

Altars:
Ashenzari
Cheibriados
Dithmenos
Elyvilon
Fedhas
Gozag
Hepliaklqana
Kikubaaqudgha
Makhleb
Nemelex Xobeh
Okawaru
Qazlal
Ru
Sif Muna
Trog
Uskayaw
Vehumet
Xom
Yredelemnul
Zin
The Shining One

Shops:
D:10 *   D:11 (   D:12 [   Orc:2 }}(}}   Elf:1 :=   Elf:2 =   Elf:3 =
Vaults:2 :   Vaults:3 *   Depths:2 *

Portals:
Hell: Depths:1 Depths:2 Depths:3 Depths:5
Abyss: Depths:2

Annotations:
Lair:5 2 exclusions
Elf:1 exclusion: Roxanne, Roxanne
Elf:2 3 runed doors
Depths:1 exclusion: obsidian statue
Depths:3 Jory


Innate Abilities, Weirdness & Mutations

You have razor-sharp teeth.
You heal very quickly.
When hurt, damage is shared between your health and your magic reserves.
Your bite disrupts and absorbs the magic of your enemies.
Potions cannot restore your health.
You are immune to rotting.
You have a pair of small horns on your head.
Scrolls take you a little longer to read.
You are clumsy. (Dex -2)
You are frail. (-10% HP)
You are resistant to hostile enchantments. (MR+)
Your system is resistant to poisons. (rPois)
Your spells are a little harder to cast, but a little more powerful.


Message History

The tentacled monstrosity constricts you.
Unknown command.
You puncture the white draconian monk! You headbutt the white draconian monk.
Your bite misses the white draconian monk.
The white draconian monk is heavily wounded.
The white draconian monk misses you.
The white draconian monk completely misses you.
The white draconian monk tail-slaps you but does no damage.
The death cob barely misses you.
Unknown command.
You completely miss the white draconian monk.
You bite the white draconian monk!! You drain its power.
You feel invigorated.
The white draconian monk is severely wounded.
The electric golem hits you. The electric golem shocks you. You resist.
The electric golem completely misses you.
The electric golem hits you!
* * * LOW HITPOINT WARNING * * *
The electric golem hits you. The death cob hits you!!
You die...
Fedhas appreciates your contribution to the ecosystem.

###.... #...# #####
###########
##...........
##Xq...§..........
##@z...............
#q.8...............
#...^.!............
#....§.............
#.......?..........
#................^.
#......d...........
##..........(.^z...
##..........^.....


You could see an electric golem, a tentacled monstrosity, a white draconian
monk, a black draconian, a yellow draconian shifter and a death cob.

Vanquished Creatures
  5 orbs of fire
  2 ancient liches
  A juggernaut (Depths:5)
  Sojobo (Vaults:4)
  Bai Suzhen (Vaults:4)
  A caustic shrike (shapeshifter) (Vaults:5)
  5 caustic shrikes (Depths:5)
  2 Killer Klowns (Zot:3)
  5 golden dragons
  Nikola (Swamp:1)
  2 electric golems (Zot:3)
  Jorgrun (Spider:2)
  9 tentacled monstrosities
  A deep elf blademaster (Elf:3)
  Asterion (Spider:2)
  4 liches
  7 titans (Vaults:5)
  5 Orb Guardians (Zot:5)
  6 quicksilver dragons
  A deep elf master archer (Elf:3)
  Frances (Lair:4)
  5 sphinxes
  6 shadow dragons
  8 tengu reavers
  4 death cobs
  Kirke (D:12)
  Donald (Vaults:3)
  9 storm dragons
  8 draconian monks (Zot:2)
  5 frost giants
  12 fire giants
  5 iron dragons
  7 deep elf sorcerers
  2 draconian knights
  A draconian shifter (Zot:2)
  5 vault wardens
  5 deep elf elementalists (Elf:3)
  2 ghost moths (Spider:4)
  A draconian annihilator (Zot:2)
  3 emperor scorpions (Spider:4)
  2 draconian stormcallers
  19 stone giants
  9 ironheart preservers
  A war gargoyle (Zot:2)
  3 entropy weavers
  33 very ugly things
  6 deep elf demonologists
  7 black draconians
  6 deep elf annihilators (Elf:3)
  2 green draconians (Depths:5)
  A vampire knight (Depths:2)
  5 white draconians
  2 purple draconians
  4 spark wasps
  An orange crystal statue (WizLab)
  9 red draconians
  3 yellow draconians
  6 deep elf death magi
  9 fire dragons
  7 ettins
  3 rakshasas (Vaults:2)
  9 great orbs of eyes
  33 vault guards
  13 yaktaur captains
  4 deep elf high priests
  13 ice dragons
  22 hydras
  6 spriggan air magi
  4 ghost crabs
  6 centaur warriors
  4 alligators
  42 two-headed ogres
  4 death knights
  6 deep troll shamans
  7 death yaks
  7 deep troll earth magi
  3 tengu warriors
  2 vampire magi (Depths:3)
  13 dancing weapons
  2 spriggan berserkers (Depths:2)
  9 hell knights
  15 ogre magi
  3 soul eaters (Depths:1)
  17 deep elf knights
  Urug (D:10)
  4 iron trolls
  A sun demon (Depths:1)
  A fire crab (shapeshifter) (Vaults:3)
  Nergalle (Lair:4)
  4 skeletal warriors
  2 spriggan druids
  A glowing orange brain (shapeshifter) (Depths:1)
  A shadow demon (Depths:1)
  3 unseen horrors
  2 cherubim (D:14)
  A storm dragon skeleton (Vaults:3)
  A death drake (shapeshifter) (Vaults:4)
  4 flayed ghosts
  7 deep elf archers
  9 wizards
  8 swamp dragons
  26 deep trolls
  5 phantasmal warriors
  5 glowing orange brains
  A lindwurm (shapeshifter) (Vaults:3)
  A harpy (shapeshifter) (Vaults:5)
  13 orc knights
  A lindwurm (Lair:5)
  22 ironbrand convokers
  13 orb spiders
  34 wolf spiders
  61 deep elf magi
  An orc sorcerer (Elf:1)
  7 necromancers
  7 wandering mushrooms
  8 cyclopes
  An orb spider (shapeshifter) (Vaults:5)
  5 manticores
  51 ugly things
  16 elephants
  A fire giant skeleton (Vaults:3)
  Maurice (D:11)
  4 moths of wrath
  An eye of devastation (shapeshifter) (Depths:4)
  22 vault sentinels
  A spiny frog (shapeshifter) (Vaults:5)
  10 spiny frogs
  3 centaur skeletons
  2 black mambas
  A gargoyle (D:14)
  A rime drake (Lair:5)
  An efreet (Zot:4)
  3 anaconda simulacra (IceCv)
  7 freezing wraiths
  7 komodo dragons
  46 yaktaurs
  7 demonic crawlers
  8 ice devils
  20 jumping spiders
  A redback zombie (D:15)
  A yaktaur skeleton (Vaults:4)
  2 tengu conjurers
  3 golden dragon simulacra (IceCv)
  9 trolls
  4 polar bears (Lair:6)
  2 wind drakes (shapeshifter)
  A queen bee (shapeshifter) (Vaults:3)
  7 tyrant leeches
  20 hornets
  24 blink frogs
  10 dream sheep
  17 slime creatures
  A raiju (shapeshifter) (Elf:1)
  A stone giant simulacrum (Vaults:3)
  A blink frog (shapeshifter) (Vaults:2)
  A hippogriff (shapeshifter) (Elf:3)
  A dream sheep (shapeshifter) (Vaults:5)
  A fire giant simulacrum (Vaults:2)
  8 hippogriffs
  17 air elementals
  64 redbacks
  A shadow (D:9)
  A redback (shapeshifter) (Vaults:5)
  13 spriggans
  9 water elementals
  25 yaks
  14 fire elementals
  A wraith (Vaults:1)
  21 tarantellas
  2 wyverns
  2 hogs (shapeshifter)
  5 hogs
  2 vampires
  2 golden eyes (shapeshifter)
  A human (D:7)
  2 hungry ghosts
  3 basilisks
  17 vampire mosquitoes
  2 yaktaur simulacra
  A harpy simulacrum (IceCv)
  An iron troll simulacrum (IceCv)
  6 wargs
  A soldier ant (D:13)
  A naga (shapeshifter) (Vaults:5)
  An acid dragon (D:12)
  19 swamp worms
  9 water moccasins
  6 porcupines
  A porcupine (shapeshifter) (Depths:5)
  3 ice beasts
  15 swamp drakes
  A black bear (shapeshifter) (Vaults:4)
  36 orc warriors
  4 sky beasts
  4 black bears
  An eye of draining (D:10)
  3 ettin simulacra
  An eye of draining (shapeshifter) (Vaults:4)
  47 ogres
  2 phantoms
  19 wolves (Lair:6)
  17 boggarts
  A human skeleton (Vaults:4)
  26 centaurs
  10 crocodiles
  2 crocodiles (shapeshifter)
  2 big kobolds
  12 bullfrogs
  4 earth elementals
  2 scorpions
  2 water moccasin skeletons
  A scorpion (shapeshifter) (Vaults:5)
  2 elephant simulacra (IceCv)
  9 killer bees
  11 howler monkeys
  13 wights
  An orc simulacrum (Vaults:1)
  A howler monkey (shapeshifter) (Vaults:5)
  An electric eel (Lair:4)
  18 crimson imps
  4 centaur zombies
  2 draconian simulacra (IceCv)
  2 jellies
  2 hounds
  10 orc priests
  5 iron imps (Depths:1)
  5 bullfrog skeletons
  12 worker ants
  6 iguanas
  19 orc wizards
  4 troll simulacra (IceCv)
  A polar bear simulacrum (IceCv)
  A killer bee zombie (D:9)
  4 centaur simulacra (IceCv)
  2 human simulacra (D:9)
  2 hound zombies
  A worker ant zombie (D:10)
  3 gnolls (D:6)
  18 adders
  An ogre simulacrum (IceCv)
  5 naga simulacra (IceCv)
  5 shadow imps
  7 white imps
  An adder skeleton (D:4)
  An adder zombie (D:8)
  A worm (shapeshifter) (Vaults:5)
  5 worms
  A dart slug (D:3)
  8 leopard geckos
  79 orcs
  4 giant cockroaches
  4 hobgoblins
  6 jackals
  15 kobolds
  7 quokkas
  A ball python (D:2)
  7 bats
  5 frilled lizards
  A giant cockroach zombie (D:6)
  3 goblins
  A quokka skeleton (D:7)
  4 rats
  A ballistomycete spore (Swamp:4)
  4 crawling corpses
  5 toadstools
1930 creatures vanquished.

Vanquished Creatures (collateral kills)
  2 orbs of fire (Zot:5)
  2 ancient liches (Zot:5)
  A golden dragon (Zot:5)
  A tentacled monstrosity (Swamp:1)
  3 Orb Guardians (Zot:5)
  A storm dragon (Vaults:5)
  A very ugly thing (Vaults:3)
  2 ironheart preservers
  A war gargoyle (Vaults:5)
  A deep elf demonologist (Vaults:2)
  A hydra (D:11)
  A centaur warrior (Vaults:2)
  A two-headed ogre (Vaults:5)
  7 death yaks
  A skeletal warrior (D:14)
  2 orc knights (Orc:2)
  An orb spider (Spider:3)
  An orc sorcerer (D:12)
  2 ugly things (Vaults:3)
  3 elephants
  2 spiny frogs (Lair:1)
  A demonic crawler (Spider:2)
  2 jumping spiders
  A tyrant leech (Swamp:1)
  3 hornets (Lair:6)
  3 blink frogs
  A redback (Spider:2)
  A spriggan (Lair:6)
  A yak (Lair:2)
  A basilisk (Lair:4)
  A vampire mosquito (Swamp:2)
  A warg (Vaults:1)
  2 water moccasins
  14 orc warriors
  A hornet zombie (D:9)
  4 wolves (Lair:6)
  3 ogres
  A swamp drake (Swamp:1)
  4 centaurs
  A human simulacrum (Vaults:1)
  A crimson imp (D:15)
  An orc priest (Orc:1)
  2 orc wizards
  A shadow imp (D:12)
  10 orcs
  4 ballistomycete spores
102 creatures vanquished.

Vanquished Creatures (others)
  2 thorn hunters
  An emperor scorpion (Spider:3)
  Aizul (Swamp:1)
  A hydra (Lair:4)
  A ghost crab (Swamp:4)
  A deep elf knight (Elf:1)
  A spriggan druid (Swamp:4)
  A shambling mangrove (Swamp:2)
  8 oklob plants
  A jumping spider (Spider:3)
  2 bog bodies
  3 slime creatures
  A yak (Lair:2)
  3 vampire mosquitoes (Swamp:1)
  3 swamp worms (Swamp:3)
  3 swamp drakes (Swamp:1)
  A necrophage (D:7)
  3 wolves (Lair:2)
  A centaur (Orc:2)
  A bullfrog (Lair:4)
  126 wandering mushrooms
  3 ballistomycetes
  A ballistomycete spore (Swamp:4)
  15 fungi
  14 plants
  1627 toadstools
1825 creatures vanquished.

Grand Total: 3857 creatures vanquished

Notes
Turn   | Place    | Note
-------+----------+-------------------------------------------
     0 | D:1      | MDvedh the Vine Stalker Assassin began the quest for the Orb.
     0 | D:1      | Reached XP level 1. HP: 11/11 MP: 2/2
   325 | D:1      | Reached XP level 2. HP: 14/15 MP: 3/3
   858 | D:2      | Reached XP level 3. HP: 18/18 MP: 4/4
  1242 | D:2      | Gained mutation: Your natural rate of healing is unusually fast. [Vine Stalker growth]
  1242 | D:2      | Reached XP level 4. HP: 22/23 MP: 5/5
  1461 | D:2      | Learned a level 2 spell: Ensorcelled Hibernation
  1642 | D:3      | Reached skill level 1 in Hexes
  2370 | D:4      | Noticed an ogre
  2390 | D:4      | Killed an ogre
  2390 | D:4      | Reached skill level 5 in Short Blades
  2390 | D:4      | Reached XP level 5. HP: 26/26 MP: 6/6
  2395 | D:4      | Reached XP level 6. HP: 27/30 MP: 5/7
  2440 | D:4      | Found a staircase to the Ecumenical Temple.
  2452 | Temple   | Entered the Ecumenical Temple
  2847 | Temple   | Became a worshipper of Fedhas Madash
  3376 | D:4      | Found a burning altar of Makhleb.
  3411 | D:4      | Reached XP level 7. HP: 34/34 MP: 8/8
  3511 | D:5      | Entered Level 5 of the Dungeon
  3725 | D:5      | Reached * piety under Fedhas
  3915 | D:5      | Gained mutation: You have razor-sharp teeth. [Vine Stalker growth]
  3915 | D:5      | Reached XP level 8. HP: 38/38 MP: 9/9
  4078 | D:5      | Gained mutation: Scrolls take you a little longer to read. [mutagenic meat]
  4079 | D:5      | Gained mutation: You are resistant to hostile enchantments. (MR+) [mutagenic meat]
  4080 | D:5      | Gained mutation: Your spells are a little harder to cast, but a little more powerful. [mutagenic meat]
  4081 | D:5      | Lost mutation: Scrolls take you a little longer to read. [mutagenic meat]
  4729 | D:6      | Reached skill level 10 in Short Blades
  4762 | D:6      | Reached XP level 9. HP: 42/42 MP: 10/10
  5082 | D:7      | Noticed a troll
  5099 | D:7      | Killed a troll
  5214 | D:7      | Reached ** piety under Fedhas
  5244 | D:7      | Found a white marble altar of Elyvilon.
  5273 | D:7      | Reached XP level 10. HP: 44/46 MP: 11/11
  5473 | D:7      | Found a burning altar of Makhleb.
  5473 | D:7      | Noticed a cacodemon
  5736 | D:8      | Gained mutation: Your system is resistant to poisons. (rPois) [mutagenic meat]
  6260 | D:8      | Identified a scroll of acquirement
  6402 | D:8      | Reached skill level 1 in Dodging
  6406 | D:8      | Reached skill level 2 in Fighting
  6449 | D:9      | Reached skill level 1 in Armour
  6460 | D:9      | Reached *** piety under Fedhas
  6520 | D:9      | Reached skill level 1 in Invocations
  6521 | D:9      | Noticed a two-headed ogre
  6542 | D:9      | Killed a two-headed ogre
  6937 | D:9      | Reached skill level 3 in Fighting
  7137 | D:9      | Found a glowing golden altar of the Shining One.
  7335 | D:10     | Entered Level 10 of the Dungeon
  7351 | D:10     | Noticed a two-headed ogre
  7371 | D:10     | Killed a two-headed ogre
  7528 | D:10     | Found a sparkling altar of Nemelex Xobeh.
  7562 | D:10     | Noticed Urug
  7582 | D:10     | Found Rosamn's General Store.
  7642 | D:10     | Reached XP level 11. HP: 27/52 MP: 12/14
  7719 | D:10     | Reached skill level 4 in Fighting
  7751 | D:10     | Bought a scroll of magic mapping for 52 gold pieces
  7751 | D:10     | Bought a scroll of identify for 30 gold pieces
  7817 | D:10     | Killed Urug
  8147 | D:10     | Killed an unseen horror
  8275 | D:11     | Noticed a six-headed hydra
  8286 | D:11     | Killed a six-headed hydra
  8320 | D:11     | Reached skill level 5 in Invocations
  8374 | D:11     | Noticed Maurice
  8386 | D:11     | Killed Maurice
  8453 | D:11     | Reached skill level 5 in Fighting
  8495 | D:11     | Found a staircase to the Lair.
  8620 | D:11     | Noticed a cyclops
  8634 | D:11     | Killed a cyclops
  8795 | D:11     | Noticed a manticore
  8893 | D:11     | Got an ichor-stained robe
  8904 | D:11     | Identified the +2 robe "Ziwn" {SInv Stlth+} (You found it on level 11 of the Dungeon)
  8934 | D:11     | Noticed a centaur warrior
  8952 | D:11     | Killed a centaur warrior
  8952 | D:11     | Reached skill level 5 in Dodging
  9040 | D:11     | Found Ajaiz's Antique Weapon Boutique.
  9218 | Lair:1   | Entered Level 1 of the Lair of Beasts
  9250 | Lair:1   | Reached skill level 5 in Armour
  9378 | Lair:1   | Gained mutation: You heal very quickly. [Vine Stalker growth]
  9378 | Lair:1   | Reached XP level 12. HP: 55/60 MP: 15/17
  9409 | Lair:1   | Reached **** piety under Fedhas
  9645 | Lair:1   | Reached skill level 6 in Fighting
 10011 | Lair:2   | Noticed an eight-headed hydra
 10020 | Lair:2   | Killed an eight-headed hydra
 10157 | Lair:2   | Got a clouded sapphire amulet
 10411 | Lair:2   | Noticed a five-headed hydra
 10420 | Lair:2   | Identified the amulet of Egalitarianism {Gourm Int+5} (You found it on level 2 of the Lair of Beasts)
 10550 | Lair:2   | Killed a five-headed hydra
 11384 | Lair:3   | Got a fine rapier
 11385 | Lair:3   | Identified the cursed +2 rapier "Cozubaux" {chaos, *Rage +Inv MR+ Str+7} (You found it on level 3 of the Lair of Beasts)
 11613 | Lair:3   | Reached skill level 7 in Fighting
 11760 | Lair:3   | Noticed a death yak
 11760 | Lair:3   | Noticed a death yak
 11760 | Lair:3   | Noticed a death yak
 11760 | Lair:3   | Noticed a death yak
 11761 | Lair:3   | Noticed a death yak
 11761 | Lair:3   | Noticed a death yak
 11772 | Lair:3   | Killed a death yak
 11781 | Lair:3   | Killed a death yak
 11787 | Lair:3   | Killed a death yak
 11795 | Lair:3   | Killed a death yak
 11797 | Lair:3   | Killed a death yak
 11806 | Lair:3   | Killed a death yak
 11806 | Lair:3   | Reached XP level 13. HP: 16/67 MP: 4/20
 12481 | Lair:4   | Reached skill level 8 in Fighting
 12823 | Lair:4   | Found a hole to the Spider Nest.
 12873 | Lair:4   | Found a staircase to the Swamp.
 13098 | Lair:4   | Noticed Nergalle
 13122 | Lair:4   | Killed Nergalle
 13641 | Lair:5   | Found an ancient bone altar of Kikubaaqudgha.
 13809 | Lair:5   | Reached skill level 9 in Fighting
 13920 | Lair:5   | Reached XP level 14. HP: 75/75 MP: 22/22
 14174 | Lair:5   | Got a crystal rapier
 14204 | Lair:5   | Reached ***** piety under Fedhas
 14205 | Lair:5   | Identified the +8 rapier of the Dead {freeze, rElec rPois Dex-2} (You found it on level 5 of the Lair of Beasts)
 14480 | Lair:6   | Entered Level 6 of the Lair of Beasts
 14510 | Lair:6   | Reached skill level 10 in Invocations
 15230 | Lair:6   | Got an amber-encrusted leather armour
 15276 | Lair:6   | Identified the +3 leather armour of the Trout {rN+ MR++ Slay-3} (You found it on level 6 of the Lair of Beasts)
 15441 | Lair:6   | Noticed an acid blob
 16236 | D:12     | Noticed Kirke
 16266 | D:12     | Killed Kirke
 16299 | D:12     | Found a staircase to the Orcish Mines.
 16304 | D:12     | Found Widwat's Armour Emporium.
 16331 | D:12     | Bought a +1 pair of gloves for 184 gold pieces
 16343 | D:12     | Bought a +2 leather armour of poison resistance for 256 gold pieces
 16647 | D:12     | Reached skill level 1 in Shields
 16761 | Orc:1    | Entered Level 1 of the Orcish Mines
 16762 | Orc:1    | Noticed a stone giant
 16859 | Orc:1    | Killed a stone giant
 17302 | Orc:2    | Entered Level 2 of the Orcish Mines
 17377 | Orc:2    | Found Gion's Quality Used Wands.
 17461 | Orc:2    | Reached XP level 15. HP: 61/80 MP: 14/23
 17561 | Orc:2    | Reached ****** piety under Fedhas
 17571 | Orc:2    | Found Jegyoss's Gadget Shop.
 17571 | Orc:2    | Found Eqado's Weapon Shoppe.
 17597 | Orc:2    | Found Wadawirch's Gadget Emporium.
 17599 | Orc:2    | Found Uwniecw's Gadget Boutique.
 17634 | Orc:2    | Reached skill level 5 in Shields
 17710 | Orc:2    | Found a staircase to the Elven Halls.
 18602 | D:13     | Reached skill level 10 in Fighting
 18644 | D:13     | Found a gate to the Vaults.
 18698 | D:13     | Found a flagged portal.
 18721 | Bailey   | Entered a bailey
 20328 | D:15     | Entered Level 15 of the Dungeon
 20682 | D:15     | Reached skill level 10 in Armour
 20683 | D:15     | Got a twisted scale mail
 20829 | D:15     | Identified the +3 scale mail "Fivegile" {rC++ rN+ Str+4 Dex-3 Slay+5} (You found it on level 15 of the Dungeon)
 20947 | D:15     | Reached skill level 11 in Fighting
 21051 | D:15     | Found a staircase to the Depths.
 21586 | Swamp:1  | Entered Level 1 of the Swamp
 21590 | Swamp:1  | Noticed Frances
 21613 | Lair:4   | Killed Frances
 21613 | Lair:4   | Reached skill level 10 in Dodging
 21613 | Lair:4   | Reached XP level 16. HP: 87/87 MP: 24/24
 21745 | Swamp:1  | Noticed Nikola
 21829 | Swamp:1  | Killed Nikola
 21900 | Swamp:1  | Killed Aizul
 22031 | Swamp:1  | Noticed a tentacled monstrosity
 22063 | Swamp:1  | Killed a tentacled monstrosity
 22112 | Swamp:1  | Got a smoking turquoise ring
 22114 | Swamp:1  | Identified the ring of Biokhloa {rF+ Dex+5} (You found it on level 1 of the Swamp)
 22649 | Swamp:2  | Noticed a thorn hunter
 22960 | Swamp:2  | Killed a thorn hunter
 23012 | Swamp:2  | Noticed a thorn hunter
 23212 | Swamp:3  | Noticed a thorn hunter
 23821 | Swamp:4  | Entered Level 4 of the Swamp
 24104 | Swamp:4  | Killed a thorn hunter
 24155 | Swamp:4  | Reached skill level 12 in Fighting
 24189 | Swamp:4  | Got a decaying rune of Zot
 24715 | Spider:1 | Entered Level 1 of the Spider Nest
 24752 | Lair:4   | Reached XP level 17. HP: 40/93 MP: 25/25
 25155 | Spider:2 | Noticed Jorgrun
 25173 | Spider:2 | Killed Jorgrun
 25314 | Spider:2 | Noticed Asterion
 25329 | Spider:2 | Killed Asterion
 25351 | Spider:2 | Found a frozen archway.
 25484 | IceCv    | Entered an ice cave
 26688 | Spider:4 | Entered Level 4 of the Spider Nest
 27231 | Spider:4 | Reached skill level 13 in Fighting
 27310 | Spider:4 | Reached skill level 15 in Short Blades
 27360 | Spider:4 | Reached XP level 18. HP: 100/100 MP: 26/26
 27500 | Spider:4 | Got a gossamer rune of Zot
 28014 | Vaults:1 | Entered Level 1 of the Vaults
 30207 | Vaults:2 | Reached XP level 19. HP: 98/105 MP: 24/27
 30404 | Vaults:2 | Reached skill level 14 in Fighting
 30716 | Vaults:2 | Found Etasoas's Book Shop.
 30749 | Vaults:2 | Found a staircase to the Crypt.
 31068 | Vaults:3 | Noticed Donald
 31079 | Vaults:3 | Killed Donald
 31159 | Vaults:3 | Found Pumial's General Store.
 33034 | Vaults:4 | Reached XP level 20. HP: 91/112 MP: 28/28
 33101 | Vaults:4 | Noticed Sojobo
 33157 | Vaults:4 | Killed Sojobo
 33409 | Vaults:4 | Reached skill level 15 in Fighting
 34017 | Vaults:4 | Noticed Bai Suzhen
 34042 | Vaults:4 | Killed Bai Suzhen
 34712 | Vaults:5 | Entered Level 5 of the Vaults
 34779 | Vaults:4 | Reached XP level 21. HP: 116/118 MP: 29/29
 35037 | Vaults:5 | HP: 3/119 [tengu reaver/fireball (13)]
 35445 | Vaults:5 | Noticed a golden dragon
 35489 | Vaults:5 | Killed a golden dragon
 35546 | Vaults:5 | Reached skill level 15 in Dodging
 35570 | Vaults:5 | Reached skill level 16 in Fighting
 35574 | Vaults:5 | Noticed a golden dragon
 35574 | Vaults:5 | an iron dragon changed into a golden dragon
 35585 | Vaults:5 | Noticed a golden dragon
 35613 | Vaults:5 | Killed a golden dragon
 35613 | Vaults:5 | Reached skill level 15 in Armour
 35666 | Vaults:5 | Noticed a golden dragon
 35666 | Vaults:5 | an acid blob changed into a golden dragon
 35669 | Vaults:5 | Noticed a caustic shrike
 35669 | Vaults:5 | a golden dragon changed into a caustic shrike
 35679 | Vaults:5 | Killed a caustic shrike
 35734 | Vaults:5 | Noticed an ancient lich
 36111 | Vaults:5 | Reached XP level 22. HP: 120/124 MP: 30/30
 36813 | Vaults:5 | Got a silver rune of Zot
 37063 | Depths:1 | Entered Level 1 of the Depths
 37298 | Depths:1 | Found a gateway to Hell.
 38289 | Depths:2 | Reached skill level 17 in Fighting
 38361 | Depths:2 | Found a glowing golden altar of the Shining One.
 38585 | Depths:2 | Reached XP level 23. HP: 130/130 MP: 31/31
 38672 | Depths:2 | Found a one-way gate to the infinite horrors of the Abyss.
 39235 | Depths:2 | Found Ifeil's Assorted Antiques.
 39253 | Depths:2 | Bought a scroll of acquirement for 1716 gold pieces
 39253 | Depths:2 | Bought a potion of might for 132 gold pieces
 39253 | Depths:2 | Bought 2 potions of might for 264 gold pieces
 39253 | Depths:2 | Bought a scroll of magic mapping for 115 gold pieces
 39282 | Depths:2 | Found a portal to a secret trove of treasure.
 39365 | Depths:2 | Identified the Tome of the Thirteen Emperors
 40192 | Depths:2 | You paid a toll of +3 gold dragon scales to enter a treasure trove
 40193 | Trove    | Entered a treasure trove
 40238 | Trove    | Got a sparkling ivory amulet
 40242 | Trove    | Got a vibrating bronze amulet
 40244 | Trove    | Got a scintillating steel amulet
 40253 | Trove    | Identified the amulet of Yfiducsiumo {RegenMP MR+} (You found it in a treasure trove)
 40254 | Trove    | Identified the amulet of Fallacy {Faith Int+9 Dex+3 Stlth-} (You found it in a treasure trove)
 40255 | Trove    | Identified the amulet "Egapuk" {Faith rPois Dex+6} (You found it in a treasure trove)
 40560 | Elf:1    | Entered Level 1 of the Elven Halls
 41008 | Elf:1    | Noticed Roxanne
 41250 | Elf:1    | Found Jaap Muwam's Jewellery Shoppe.
 41439 | Elf:1    | Found Cuesuymp's Book Shop.
 41531 | Elf:2    | Found Quridiso's Jewellery Boutique.
 41545 | Elf:2    | Bought the ring "Zungotith" {rPois rF+ MR+ Str+4 Int+2} for 725 gold pieces
 41793 | Elf:2    | Found a runed gate.
 41794 | Elf:2    | Found a runed gate.
 41794 | Elf:2    | Found a runed gate.
 41846 | Elf:2    | Found an ancient bone altar of Kikubaaqudgha.
 41944 | Elf:3    | Entered Level 3 of the Elven Halls
 42630 | Elf:3    | Reached skill level 10 in Shields
 42881 | Elf:3    | Got a crude jade ring
 42937 | Elf:3    | Got a heavily runed jade ring
 42951 | Elf:3    | Identified a +0 pair of boots of running (You found it on level 3 of the Elven Halls)
 42958 | Elf:3    | Identified the ring of Ewisik {rCorr Int+4 Dex+5 Slay-6} (You took it off a deep elf death mage on level 3 of the Elven Halls)
 42959 | Elf:3    | Identified the ring of Fixation {*Drain +Fly rN+ Slay+4} (You found it on level 3 of the Elven Halls)
 43331 | Depths:3 | Found an iron altar of Okawaru.
 43333 | Depths:3 | Reached XP level 24. HP: 136/136 MP: 31/31
 43791 | Depths:3 | Found an iron altar of Okawaru.
 43810 | Depths:3 | Noticed Jory
 44005 | Depths:4 | Noticed a juggernaut
 44050 | Depths:4 | Found a magical portal.
 44055 | WizLab   | Entered Wucad Mu's Monastery
 44528 | Depths:5 | Entered Level 5 of the Depths
 44641 | Depths:5 | Reached XP level 25. HP: 134/141 MP: 31/31
 45232 | Depths:5 | Noticed an ancient lich
 45264 | Depths:5 | Noticed a juggernaut
 45279 | Depths:5 | Killed an ancient lich
 45282 | Depths:5 | Killed a juggernaut
 45420 | Depths:5 | Reached skill level 18 in Fighting
 45574 | Depths:5 | Reached skill level 15 in Shields
 45802 | Depths:5 | Reached XP level 26. HP: 145/147 MP: 31/31
 45950 | Depths:5 | Found a gate to the Realm of Zot.
 46059 | Zot:1    | Entered Level 1 of the Realm of Zot
 46525 | Zot:2    | Noticed an ancient lich
 46698 | Zot:2    | Killed an ancient lich
 46845 | Zot:2    | Noticed an orb of fire
 46845 | Zot:2    | Gained mutation: You have a pair of small horns on your head. [an orb of fire]
 46865 | Zot:2    | Killed an orb of fire
 46866 | Zot:2    | Found a stormy altar of Qazlal.
 47090 | Zot:3    | Noticed an orb of fire
 47117 | Zot:3    | Killed an orb of fire
 47208 | Zot:3    | Reached skill level 19 in Fighting
 47517 | Zot:3    | Reached XP level 27. HP: 155/155 MP: 31/31
 47817 | Zot:4    | Noticed an orb of fire
 47831 | Zot:4    | Noticed an orb of fire
 47833 | Zot:4    | Killed an orb of fire
 47856 | Zot:4    | Killed an orb of fire
 47919 | Zot:5    | Entered Level 5 of the Realm of Zot
 47962 | Zot:5    | Reached skill level 20 in Fighting
 48161 | Zot:5    | Noticed an ancient lich
 48164 | Zot:5    | Killed an ancient lich
 48237 | Zot:5    | Noticed an ancient lich
 48238 | Zot:5    | Noticed an orb of fire
 48244 | Zot:5    | Noticed an orb of fire
 48247 | Zot:5    | Killed an ancient lich
 48251 | Zot:5    | Noticed an orb of fire
 48257 | Zot:5    | Killed an orb of fire
 48263 | Zot:5    | Gained mutation: Scrolls take you a little longer to read. [an orb of fire]
 48270 | Zot:5    | Killed an orb of fire
 48271 | Zot:5    | Gained mutation: You are frail. (-10% HP) [an orb of fire]
 48272 | Zot:5    | Gained mutation: You are clumsy. (Dex -2) [an orb of fire]
 48279 | Zot:5    | HP: 7/142 [tentacled monstrosity (4)]
 48281 | Zot:5    | HP: 3/142 [death cob (2)]
 48283 | Zot:5    | HP: 1/142 [tentacled monstrosity (1)]
 48288 | Zot:5    | Killed an orb of fire
 48289 | Zot:5    | HP: 2/142 [electric golem/bolt of lightning (1)]
 48291 | Zot:5    | Slain by a death cob

Skill      XL: |  1  2  3  4  5  6  7  8  9 10 11 12 13 14 15 16 17 18 19 20 21 22 23 24 25 26 27 |
---------------+----------------------------------------------------------------------------------+-----
Short Blades   | 2 3 5 6 8 10 12 14 15 16 17 18 | 18.7
Hexes          | 1 |  1.3
Dodging        | 3 5 6 8 10 11 12 13 14 15 16 | 16.1
Fighting       | 3 5 7 9 11 12 13 14 15 16 17 18 19 20 | 20.5
Armour         | 3 5 6 8 10 11 12 13 14 15 16 | 16.1
Invocations    | 3 6 8 9 10 11 | 11.2
Shields        | 4 5 11 13 15 17 | 17.9
Throwing       | |  1.7
Stealth        | |  4.8

Action                   |  1- 3 |  4- 6 |  7- 9 | 10-12 | 13-15 | 16-18 | 19-21 | 22-24 | 25-27 || total
-------------------------+-------+-------+-------+-------+-------+-------+-------+-------+-------++-------
Melee: Dagger            |    71 |    81 |       |       |       |       |       |       |       ||   152
       Bite              |    12 |    35 |    99 |   293 |   562 |   531 |   692 |   812 |   593 ||  3629
       Rapier            |       |    34 |       |       |  1029 |  1404 |  1429 |  1518 |  1026 ||  6440
       Short sword       |       |    11 |   315 |   108 |       |       |       |       |       ||   434
       Quick blade       |       |       |       |   722 |   462 |       |       |       |       ||  1184
       Headbutt          |       |       |       |       |       |       |       |       |   132 ||   132
 Fire: Blowgun           |       |     5 |       |       |       |       |       |       |       ||     5
Invok: Fungal Bloom      |       |       |    11 |    43 |    77 |    78 |    64 |    62 |    21 ||   356
       Evolution         |       |       |       |    11 |    31 |    32 |    43 |    16 |    27 ||   160
       Reproduction      |       |       |       |     1 |     1 |     2 |       |       |       ||     4
       Growth            |       |       |       |     1 |     1 |       |       |       |     2 ||     4
Evoke: Wand              |       |       |       |     2 |       |       |       |     6 |     2 ||    10
  Use: Scroll            |     5 |       |     3 |    27 |     9 |     6 |    13 |    16 |     8 ||    87
       Potion            |       |       |       |       |       |     8 |    13 |     2 |     9 ||    32
 Stab: Sleeping          |     8 |     9 |     6 |     6 |    15 |     1 |     3 |     5 |       ||    53
       Distracted        |       |     1 |       |       |     5 |     2 |     3 |     3 |     2 ||    16
       Confused          |       |       |       |    10 |    13 |     7 |     8 |       |     6 ||    44
       Invisible         |       |       |       |       |       |    26 |       |       |       ||    26
       Held in net/web   |       |       |       |       |       |     1 |       |       |       ||     1
  Eat: Bread ration      |       |     2 |       |       |     1 |       |     1 |     1 |       ||     5
       Chunk             |       |     1 |     7 |     3 |       |     5 |     3 |       |       ||    19
       Royal jelly       |       |       |     1 |     4 |     3 |       |     4 |     2 |     1 ||    15
       Meat ration       |       |       |       |     2 |     5 |     5 |     1 |     3 |     3 ||    19
       Fruit             |       |       |       |       |       |       |     1 |       |       ||     1
Armor: Robe              |     1 |       |       |    34 |   151 |       |       |       |       ||   186
       Leather armour    |    25 |    55 |    37 |       |    24 |       |       |       |       ||   141
       Chain mail        |       |       |    69 |   132 |       |       |       |       |       ||   201
       Scale mail        |       |       |       |       |   100 |   423 |   432 |   305 |   253 ||  1513
Dodge: Dodged            |    32 |    50 |    87 |   156 |   741 |   653 |   671 |   728 |   502 ||  3620
       Deflected         |       |       |       |    10 |    42 |    20 |    39 |    37 |    25 ||   173
Block: Buckler           |       |       |       |       |   158 |   309 |   287 |   211 |       ||   965
       Shield            |       |       |       |       |       |       |       |   308 |   557 ||   865
